 Dungeon Crawl Stone Soup version 0.22-a0-467-g5c5de1cb09 (webtiles) character file.

368 Foic the Ruffian (level 6, -3/59 HPs)
             Began as a Troll Fighter on June 10, 2018.
             Was an Initiate of Makhleb.
             Killed by divine providence
             ... invoked by an orc priest
              (11 damage)
             ... on level 4 of the Dungeon.
             The game lasted 00:14:18 (2411 turns).

Foic the Ruffian (Troll Fighter)                    Turns: 2411, Time: 00:14:21

Health: -3/59      AC:  5    Str: 25    XL:     6   Next: 41%
Magic:  5/5        EV: 11    Int:  4    God:    Makhleb [......]
Gold:   73         SH:  0    Dex: 11    Spells: 5/5 levels left

rFire    . . .     SeeInvis .     - Unarmed
rCold    . . .     Gourm    +   (no shield)
rNeg     . . .     Faith    .   a - +0 robe
rPois    .         Spirit   .   (helmet restricted)
rElec    .         Reflect  .   (no cloak)
rCorr    .         Harm     .   (gloves unavailable)
MR       .....                  (boots unavailable)
Stlth    +.........             (no amulet)
HPRegen  0.59/turn              (no ring)
MPRegen  0.09/turn              (no ring)

@: no status effects
A: large, unfitting armour, claws 3, fast metabolism 3, gourmand, regeneration
1, shaggy fur 1, tough skin 2
a: Renounce Religion


You were on level 4 of the Dungeon.
You worshipped Makhleb.
Makhleb was noncommittal.
You were very full.

You visited 1 branch of the dungeon, and saw 4 of its levels.

You collected 73 gold pieces.

Inventory:

Missiles
 e - 91 stones (quivered)
Armour
 a - a +0 robe (worn)
 k - a +2 robe of cold resistance
 o - a +2 cloak
Jewellery
 f - an uncursed amulet of harm {unknown}
 r - a +5 amulet of reflection {unknown}
Wands
 h - a wand of clouds (4)
 l - a wand of random effects (15)
Scrolls
 g - 2 scrolls of fog
 m - a scroll of teleportation
Potions
 b - 2 potions of curing {unknown}
 c - a potion of might
 i - a potion of lignification {unknown}
 j - 2 potions of agility {unknown}
 n - a potion of heal wounds {unknown}
 p - a potion of mutation {unknown}
 q - a potion of cancellation {unknown}
Comestibles
 d - 11 rations
 s - a chunk of flesh


   Skills:
 + Level 2.8 Fighting
 * Level 4.3 Dodging
 + Level 0.5 Stealth
   Level 2.6 Shields
 + Level 4.6 Unarmed Combat


You had 5 spell levels left.
You didn't know any spells.
Your spell library was empty.

Dungeon Overview and Level Annotations

Branches:
Dungeon (4/15)
 Temple: D:4-7

Altars:
Dithmenos
Hepliaklqana
Makhleb
Okawaru
Ru
Trog
Wu Jian
Xom
The Shining One

Annotations:
D:3 Crazy Yiuf


Innate Abilities, Weirdness & Mutations

You are too large for most types of armour.
You have claws for hands.
Your metabolism is lightning-fast.
You like to eat raw meat.
Your natural rate of healing is unusually fast.
You are covered in fur. (AC +1)
You have very tough skin. (AC +2)


Message History

The leopard gecko bites you but does no damage.
You barely miss the leopard gecko.
The leopard gecko bites you but does no damage.
The leopard gecko barely misses you.
You barely miss the leopard gecko. The leopard gecko closely misses you.
You claw the leopard gecko!
You kill the leopard gecko!
Makhleb accepts your kill.
You scratch something but do no damage.
Something hits you but does no damage. x2
You miss something.
Throwing (i - inventory)
e - 92 stones (quivered)
Press: ? - help, Shift-Dir - straight line, f - orc priest
Aim: an orc priest, wielding a mace You throw a stone.
The stone hits the orc priest but does no damage.
Something hits you.
* * * LOW HITPOINT WARNING * * *
The orc priest calls down the wrath of Beogh upon you.
Beogh smites you!
You die...

###. #.. #.. ...
#.. ..# #.# #.##
#.# ...# #.#
##..#### #@#
#.......
#{######...# .
#oo...o...)###....
######.......'....
##....###....
#..### .. #..#
#..# #...


You could see an orc priest and an orc.

Vanquished Creatures
  The ghost of Buachu the Chiller, an amateur MfIE (D:3)
  An orc priest (D:4)
  12 adders
  3 worms
  5 dart slugs
  4 leopard geckos
  An orc (D:3)
  11 giant cockroaches
  7 hobgoblins
  3 jackals (D:2)
  11 kobolds
  A quokka (D:3)
  A ball python (D:1)
  5 bats
  9 goblins
  12 rats
87 creatures vanquished.

Notes
Turn   | Place    | Note
-------+----------+-------------------------------------------
     0 | D:1      | Foic the Troll Fighter began the quest for the Orb.
     0 | D:1      | Reached XP level 1. HP: 22/22 MP: 0/0
    88 | D:1      | Reached XP level 2. HP: 29/29 MP: 1/1
   239 | D:1      | Found an iron altar of Okawaru.
   368 | D:1      | Reached XP level 3. HP: 34/36 MP: 2/2
   851 | D:2      | Reached XP level 4. HP: 27/44 MP: 3/3
  1146 | D:2      | Found a shimmering altar of Xom.
  1308 | D:2      | Found a hazy altar of Hepliaklqana.
  1619 | D:3      | Noticed Buachu's ghost (amateur MfIE)
  1653 | D:3      | Killed Buachu's ghost
  1653 | D:3      | Reached XP level 5. HP: 26/52 MP: 4/4
  1723 | D:3      | Reached XP level 6. HP: 54/59 MP: 5/5
  1934 | D:3      | Found a bloodstained altar of Trog.
  2052 | D:3      | Found a glowing golden altar of the Shining One.
  2054 | D:3      | Found a shadowy altar of Dithmenos.
  2054 | D:3      | Found an ornate altar of the Wu Jian Council.
  2054 | D:3      | Found a sacrificial altar of Ru.
  2059 | D:3      | Found a burning altar of Makhleb.
  2063 | D:3      | Became a worshipper of Makhleb the Destroyer
  2141 | D:3      | Found a runed door.
  2343 | D:3      | Noticed Crazy Yiuf
  2411 | D:4      | Killed from afar by an orc priest

Vault maps used:
D:1:      onia_arrival_larder, minmay_hexomino_r4
D:2:      xom_butterflies, lemuel_coloured_pillars_altar
D:3:      minitemple, minivault_26, uniq_crazy_yiuf_cottage
D:4:      gammafunk_temple_overflow_pools, kennysheep_mini_moat, first_ration,
          uniq_natasha

Skill      XL: |  1  2  3  4  5 |
---------------+----------------+-----
Dodging        | 3 4 |  4.3
Unarmed Combat | 4 |  4.6
Fighting       | |  2.8
Stealth        | |  0.5
Shields        | |  2.6

Action                   |  1- 3 |  4- 6 || total
-------------------------+-------+-------++-------
Melee: Unarmed           |   112 |   151 ||   263
       Punch             |     1 |     1 ||     2
Throw: Stone             |       |     1 ||     1
  Use: Scroll            |     2 |     3 ||     5
 Stab: Sleeping          |     1 |       ||     1
  Eat: Chunk             |    13 |    14 ||    27
Armor: Robe              |    40 |    37 ||    77
Dodge: Dodged            |    52 |    85 ||   137

Table legend:
 A = Spawn XP
 B = Non-spawn XP
 C = Spawn XP percentage of total XP
 D = Spawn monster count
 E = Non-spawn monster count
 F = Spawn count percentage of total count
 G = Total turns spent on level
                    A         B        C        D         E        F      G
               +---------+---------+-------+---------+---------+-------+---------
         Total |       0 |     527 |   0.0 |       0 |      87 |   0.0 |  2411
               +---------+---------+-------+---------+---------+-------+---------
           D:1 |       0 |      73 |   0.0 |       0 |      39 |   0.0 |   797
           D:2 |       0 |     112 |   0.0 |       0 |      26 |   0.0 |   832
           D:3 |       0 |     296 |   0.0 |       0 |      20 |   0.0 |   737
           D:4 |       0 |      46 |   0.0 |       0 |       2 |   0.0 |    45
               +---------+---------+-------+---------+---------+-------+---------
